 Dungeon Crawl Stone Soup version 0.30-a0-622-gddc90eaa04 (webtiles) character file.

Game seed: 12894019663093459195

1676 voltaire321 the Charlatan (level 8, -4/59 (61) HPs)
             Began as a Demonspawn Artificer on Jan 10, 2023.
             Was an Initiate of Nemelex Xobeh.
             Slain by a wight
             ... wielding a +3 morningstar of freezing
              (13 damage)
             ... on level 6 of the Dungeon.
             The game lasted 00:27:09 (6178 turns).

voltaire321 the Charlatan (Demonspawn Artificer)    Turns: 6178, Time: 00:27:10

HP:   -4/59 (61)    AC:  6    Str: 12    XL:     8   Next: 70%
MP:   12/12         EV: 15    Int: 22    God:    Nemelex Xobeh [......]
Gold: 237           SH:  0    Dex: 13    Spells: 6/13 levels left

rFire   + . .      SeeInvis +    K - +8 rapier of Putotyib {venom, rPois rF+}
rCold   + . .      Faith    .    (no shield)
rNeg    + . .      Spirit   .    b - +0 leather armour
rPois   +          Reflect  .    h - +0 hat
rElec   .          Harm     .    (no cloak)
rCorr   .          Rampage  .    m - +1 pair of gloves
Will    .....                    B - +0 pair of boots
Stlth   +++                      F - amulet of regeneration
HPRegen 1.09/turn                J - ring of protection from cold
MPRegen 0.13/turn                t - ring of Xom's Recklessness {rN+ Int+6 SInv Stlth+}

@: lightly drained
A: antennae 1, repulsion field 1, powered by death 2
a: Renounce Religion, Draw Escape, Draw Destruction, Draw Summoning


You were on level 6 of the Dungeon.
You worshipped Nemelex Xobeh.
Nemelex Xobeh was noncommittal.
You visited 2 branches of the dungeon, and saw 7 of its levels.
You also visited: Sewer.

You collected 237 gold pieces.

Inventory:

Hand Weapons
 K - the +8 rapier of Putotyib (weapon) {venom, rPois rF+}
   (You found it on level 5 of the Dungeon)

   rF:        It protects you from fire.
   rPois:     It protects you from poison.
Armour
 b - a +0 leather armour (worn)
 h - a +0 hat (worn)
 m - a +1 pair of gloves (worn)
 B - a +0 pair of boots (worn)
 G - the +0 pair of gloves "Ruriw" {rC+}
   (You found it on level 5 of the Dungeon)

   rC:        It protects you from cold.
Jewellery
 k - a ring of resist corrosion
 t - the ring of Xom's Recklessness (right hand) {rN+ Int+6 SInv Stlth+}
   (You found it on level 3 of the Dungeon)

   [ring of intelligence]

   Int:       It affects your intelligence (+6).
   rN:        It protects you from negative energy.
   SInv:      It lets you see invisible.
   Stlth:     It makes you more stealthy.
 F - an amulet of regeneration (around neck)
 J - a ring of protection from cold (left hand)
Wands
 c - a wand of flame (4) (quivered)
 d - a wand of charming (14)
 e - a wand of iceblast (1)
Scrolls
 f - a scroll of torment {unknown}
 g - a scroll of enchant weapon {unknown}
 j - 6 scrolls of teleportation
 l - 2 scrolls of noise {unknown}
 o - 3 scrolls of fog {unknown}
 r - a scroll of amnesia {unknown}
 v - 2 scrolls of blinking {unknown}
 x - a scroll of poison
 y - a scroll of brand weapon {unknown}
 C - a scroll of enchant armour {unknown}
Potions
 a - 2 potions of attraction {unknown}
 i - a potion of mutation {unknown}
 n - 3 potions of lignification
 q - a potion of cancellation {unknown}
 s - a potion of haste
 u - a potion of might
 z - a potion of flight
 A - a potion of ambrosia {unknown}
 E - a potion of curing {unknown}
 I - a potion of berserk rage


   Skills:
 + Level 4.5 Fighting
 * Level 1.2 Short Blades
 - Level 3.0 Armour
 + Level 4.2 Dodging
 + Level 1.5 Stealth
 - Level 3.0 Spellcasting
 + Level 2.1 Summonings
 * Level 4.0 Ice Magic
 + Level 3.8 Invocations
 - Level 5.0 Evocations


You had 6 spell levels left.
You knew the following spells:

 Your Spells              Type           Power      Damage    Failure   Level
a - Frozen Ramparts       Ice            42%        1d7       9%          3
b - Summon Ice Beast      Ice/Summ       16%        N/A       41%         4

Your spell library contained the following spells:

 Spells                   Type           Power      Damage    Failure   Level
 Blink                    Tloc           6%         N/A       24%         2
 Momentum Strike          Conj/Tloc      6%         3d8       24%         2
 Ignite Poison            Fire/Tmut/Pois 3%         N/A       43%         3
 Kindle Blastsparks       Fire/Tloc/Air  6%         2d10      43%         3
 Lesser Beckoning         Tloc           6%         N/A       43%         3
 Ice Form                 Ice/Tmut       12%        N/A       56%         4
 Fulminant Prism          Conj/Hex       1%         3d5       83%         4
 Iskenderun's Mystic Bla  Conj/Tloc      3%         2d3       83%         4
 Freezing Cloud           Conj/Ice/Air   4%         6-21      94%         5
 Lee's Rapid Deconstruct  Erth           1%         3d4*      99%         5


Dungeon Overview and Level Annotations

Branches:
Dungeon (6/15)             Temple (1/1) D:4           Sewer (visited)

Altars:
Ashenzari
Cheibriados
Dithmenos
Gozag
Kikubaaqudgha
Makhleb
Nemelex Xobeh
Okawaru
Qazlal
Sif Muna
Trog
Uskayaw
Xom
Yredelemnul

Shops:
D:4 (

Annotations:
D:2 1 runed translucent door, Crazy Yiuf


Innate Abilities, Weirdness & Mutations

You have a pair of small antennae on your head.
You are surrounded by a mild repulsion field. (EV +2)
You regenerate health from kills.


Message History

You hit the wight but do no damage.
The wight is heavily damaged.
The wight barely misses you. The wight closely misses you.
The wight completely misses you. The wight attacks as you move away!
The wight hits you with a +3 morningstar of freezing!
You partially resist.
You feel drained. The wight freezes you.
You completely miss the wight.
The wight is heavily damaged.
The wight misses you.
You completely miss the wight.
The wight is heavily damaged.
You hit the wight.
The wight is severely damaged.
The wight hits you with a +0 heavy hand axe.
You hit the wight.
The wight is almost destroyed.
The wight completely misses you.
You puncture the wight!
You destroy the wight!
Your life force feels restored.
You hit the wight.
The wight is lightly damaged.
The wight hits you with a +3 morningstar of freezing!
The wight freezes you.
You closely miss the wight.
The wight is lightly damaged.
The wight closely misses you.
You hit the wight but do no damage.
The wight is lightly damaged.
The wight hits you with a +3 morningstar of freezing!
You partially resist.
You feel drained. The wight freezes you.
You hit the wight but do no damage.
The wight is lightly damaged.
The wight hits you with a +3 morningstar of freezing!
* * * LOW HITPOINT WARNING * * *
You partially resist.
You feel drained.
The wight hits you with a +3 morningstar of freezing!
You die...
Your body disappears without a glow.

##.# ...# .... #
#.$#.# #..#.###.
### #......z. #..
#.....# #.# #z#
#.# #@# #.# #.#
#.# #.# #.# ##.#
#########.#####..#
#............##..#
#.#####...##.##..#
.#.##
#.####.##..###.#
###.###.#
#..........#


You could see a wight.

Vanquished Creatures
  Grinder (D:5)
  Sigmund (D:2)
  2 water moccasins
  2 black bears (D:5)
  A phantom (D:5)
  A scorpion (D:5)
  2 necrophages (D:5)
  A wight (D:6)
  2 jellies (D:4)
  An orc priest (D:6)
  2 hounds
  Jessica (D:2)
  4 iguanas
  6 orc wizards
  4 gnolls (D:4)
  3 adders
  3 worms
  A dart slug (D:3)
  13 orcs
  A bat (D:1)
  14 endoplasms
  6 giant cockroaches
  9 goblins
  9 hobgoblins
  9 jackals
  5 quokkas
  12 ball pythons
  3 frilled lizards
  12 kobolds
  10 rats
141 creatures vanquished.

Vanquished Creatures (others)
  A centaur (D:3)
  5 fungi (D:4)
  7 toadstools (D:4)
13 creatures vanquished.

Grand Total: 154 creatures vanquished

Notes
Turn   | Place    | Note
-------+----------+-------------------------------------------
     0 | D:1      | voltaire321 the Demonspawn Artificer began the quest for
                  | the Orb.
     0 | D:1      | Reached XP level 1. HP: 15/15 MP: 1/1
     6 | D:1      | Noticed an iguana
     6 | D:1      | Noticed a wolf
     6 | D:1      | Noticed a black bear
     7 | D:1      | Noticed a lindwurm
     7 | D:1      | Noticed a wyvern
    87 | D:1      | Reached skill level 1 in Dodging
    87 | D:1      | Reached skill level 1 in Stealth
   240 | D:1      | Gained mutation: You regenerate a little health from kills.
                  | [demonic ancestry]
   240 | D:1      | Reached XP level 2. HP: 21/21 MP: 2/2
   747 | D:2      | Noticed Jessica
   766 | D:2      | Killed Jessica
   767 | D:2      | Reached XP level 3. HP: 19/27 MP: 3/3
   954 | D:2      | You fall into a shaft and drop 1 floor!
  1058 | D:3      | Killed a centaur
  1071 | D:3      | Gained mutation: You have a pair of small antennae on your
                  | head. [demonic ancestry]
  1071 | D:3      | Reached XP level 4. HP: 33/33 MP: 4/4
  1116 | D:3      | Found a shimmering altar of Xom.
  1167 | D:3      | Identified the ring of Xom's Recklessness {rN+ Int+6 SInv
                  | Stlth+}
  1395 | D:3      | Reached skill level 1 in Spellcasting
  1410 | D:3      | Found a glowing drain.
  1428 | Sewer    | Entered a sewer
  1592 | Sewer    | Noticed a water moccasin
  1603 | Sewer    | Killed a water moccasin
  1604 | Sewer    | Reached XP level 5. HP: 20/39 MP: 5/7
  1741 | D:2      | Noticed Sigmund
  1757 | D:2      | Killed Sigmund
  1758 | D:2      | Reached skill level 4 in Evocations
  1758 | D:2      | Reached XP level 6. HP: 47/47 MP: 7/9
  1961 | D:2      | Learned a level 3 spell: Frozen Ramparts
  2027 | D:2      | Found a runed translucent door.
  2028 | D:2      | Noticed Crazy Yiuf
  2158 | D:2      | Found a faded altar of an unknown god.
  2720 | D:3      | Found an opulent altar of Gozag.
  3396 | D:4      | Reached skill level 1 in Ice Magic
  3554 | D:4      | Found Ryjeid's Weapon Shoppe.
  3638 | D:4      | Gained mutation: You are surrounded by a mild repulsion
                  | field. (EV +2) [demonic ancestry]
  3638 | D:4      | Reached XP level 7. HP: 26/52 MP: 10/10
  3757 | D:4      | Found a staircase to the Ecumenical Temple.
  3780 | Temple   | Entered the Ecumenical Temple
  3995 | Temple   | Became a worshipper of Nemelex Xobeh the Trickster
  4884 | D:5      | Entered Level 5 of the Dungeon
  4911 | D:4      | Reached skill level 1 in Invocations
  5122 | D:5      | Noticed Grinder
  5198 | D:5      | Reached skill level 5 in Evocations
  5255 | D:5      | Identified the +0 pair of gloves "Ruriw" {rC+}
  5334 | D:4      | Learned a level 4 spell: Summon Ice Beast
  5431 | D:5      | Gained mutation: You regenerate health from kills. [demonic
                  | ancestry]
  5431 | D:5      | Reached XP level 8. HP: 59/60 MP: 8/12
  5493 | D:5      | Paralysed by Grinder for 3 turns
  5505 | D:5      | Paralysed by Grinder for 3 turns
  5521 | D:5      | Paralysed by Grinder for 5 turns
  5528 | D:5      | Killed Grinder
  5529 | D:5      | Reached skill level 1 in Summonings
  5847 | D:5      | Identified the +8 rapier of Putotyib {venom, rPois rF+}
  6091 | D:6      | Reached skill level 1 in Short Blades
  6178 | D:6      | Slain by a wight

Illustrated notes

Levels and vault maps discovered:
D:1:      onia_arrival_zoo_common, layout_rooms, corexii_hall_statues_t
D:2:      layout_basic, shapermc_ecumenical_altar_notcrosses,
          kennysheep_generic_room_2, uniq_jessica, uniq_sigmund,
          uniq_crazy_yiuf_cottage
D:3:      layout_loops_cross, xom_confusion_cloud,
          mainiacjoe_overflow_concentric_impassable, gup_sewer_entry_bubbles
D:4:      cheibrodos_fertilizer, layout_basic, old_standard_altar,
          minmay_temple_entry_offerings, serial_shops, shop
D:5:      black_bear_nest_1, layout_rooms, uniq_grinder
D:6:      layout_loops_ring, nicolae_ru_the_path_less_chosen, minivault_1,
          nicolae_shop_clearance
Temple:   nicolae_temple_bog_church

Skill      XL: |  1  2  3  4  5  6  7  8 |
---------------+-------------------------+-----
Dodging        | 1 2 3 4 |  4.2
Stealth        | 1 |  1.5
Armour         | 2 3 |  3.0
Fighting       | 2 3 4 |  4.5
Spellcasting   | 1 2 3 |  3.0
Evocations     | 4 5 |  5.0
Ice Magic      | 1 2 4 |  4.0
Invocations    | 2 3 |  3.8
Summonings     | 2 |  2.1
Short Blades   | 1 |  1.2

Action                   |  1- 3 |  4- 6 |  7- 9 || total
-------------------------+-------+-------+-------++-------
Melee: Dagger            |   189 |   163 |       ||   352
       Club              |    14 |       |       ||    14
       Punch             |     3 |     3 |     3 ||     9
       Short sword       |       |   172 |   202 ||   374
       Rapier            |       |       |    33 ||    33
 Cast: Frozen Ramparts   |       |       |    12 ||    12
Evoke: Wand              |     1 |     7 |     8 ||    16
  Use: Scroll            |       |     4 |     5 ||     9
       Potion            |       |       |     3 ||     3
 Stab: Sleeping          |     2 |     8 |     3 ||    13
Armor: Leather armour    |    48 |    82 |    61 ||   191
Dodge: Dodged            |   145 |   173 |   192 ||   510

Table legend: (Time is in decaauts)
 A = Elapsed time spent in this place.
 B = Non-inter-level travel time spent in this place.
 C = Inter-level travel time spent in this place.
 D = Time resting spent in this place.
 E = Time spent auto-exploring this place.
 F = Levels seen in this place.
 G = Mean time per level.
                   A        B        C        D        E       F      G
               +--------+--------+--------+--------+--------+-----+--------+
         Total |   6220 |   5797 |    423 |    673 |   2945 |   8 |  777.5 |
       Dungeon |   5691 |   5282 |    409 |    517 |   2740 |   6 |  948.5 |
        Temple |    235 |    221 |     14 |      0 |    160 |   1 |  235.0 |
         Sewer |    293 |    293 |      0 |    156 |     44 |   1 |  293.0 |
               +--------+--------+--------+--------+--------+-----+--------+

Top non-repeatable levels by time:
     D:4: 1735 daAuts
     D:2: 1219 daAuts
     D:3: 1075 daAuts
     D:5: 924 daAuts
     D:1: 634 daAuts
   Sewer: 293 daAuts
  Temple: 235 daAuts
     D:6: 102 daAuts
